 Dungeon Crawl Stone Soup version 0.31-a0-955-gcb8bc90ed4 (webtiles) character file.

Game seed: 13183225121352907932

136 Descartes the Shield-Bearer (level 5, -1/41 HPs)
             Began as a Formicid Fighter on Oct 22, 2023.
             Slain by an orc
             ... wielding a +0 trident
              (3 damage)
             ... on level 4 of the Dungeon.
             The game lasted 00:03:41 (2517 turns).

Descartes the Shield-Bearer (Formicid Fighter)      Turns: 2517, Time: 00:03:42

Health: -1/41      AC: 10    Str: 23    XL:     5   Next: 43%
Magic:  5/5        EV:  8    Int:  7    God:
Gold:   139        SH:  6    Dex: 13    Spells: 4/4 levels left

rFire   . . .        a - +0 war axe
rCold   . . .        c - +0 buckler
rNeg    . . .        p - +0 chain mail
rPois   .            (helmet unavailable)
rElec   .            q - scarf {repulsion}
rCorr   .            j - +0 pair of gloves
SInv    +            (no boots)
Will    .....        (no amulet) Stlth
                     (no ring)
HPRegen 0.26/turn    (no ring)
MPRegen 0.09/turn

%: repel missiles
@: mighty
A: permanent stasis, dig shafts and tunnels, antennae 3, four strong arms
a: Dig, Shaft Self


You were on level 4 of the Dungeon.
You visited 1 branch of the dungeon, and saw 4 of its levels.

You collected 139 gold pieces.

Inventory:

Hand Weapons
 a - a +0 war axe (weapon)
Missiles
 o - 5 poisoned darts
Armour
 c - a +0 buckler (worn)
 j - a +0 pair of gloves (worn)
 p - a +0 chain mail (worn)
 q - a scarf of repulsion (worn)
Jewellery
 h - a ring of fire
Scrolls
 b - a scroll of torment {unknown}
 e - 2 scrolls of fog {unknown}
 f - 2 scrolls of identify {unknown}
 g - a scroll of vulnerability {unknown}
 l - a scroll of noise {unknown}
 n - a scroll of teleportation {unknown}
Potions
 d - a potion of might
 i - a potion of lignification {unknown}
 k - a potion of heal wounds {unknown}
 m - 3 potions of curing {unknown}


   Skills:
 - Level 3.2 Fighting
 - Level 2.0 Axes
 - Level 3.2 Armour
 + Level 7.6 Shields


You had 4 spell levels left.
You didn't know any spells.
Your spell library was empty.

Dungeon Overview and Level Annotations

Branches:
Dungeon (4/15)
 Temple: D:4-7

Altars:

Shops:
D:2 [

Annotations:
D:3 3 runed translucent doors, Heedrag's ghost, amateur GrEE


Innate Abilities, Weirdness & Mutations

You cannot be hasted, slowed, berserked, paralysed or teleported.
You can dig through walls and to a lower floor.
You have a pair of large antennae on your head. (SInv)
Your four strong arms can wield two-handed weapons with a shield.


Message History

The orc wizard hits you but does no damage.
You block the orc wizard's attack. The orc closely misses you.
The ice beast hits you but does no damage.
You block the hobgoblin's attack.
You closely miss the ice beast.
The ice beast is moderately wounded.
You barely miss the orc wizard. You barely miss the orc.
You slash the hobgoblin!
You kill the hobgoblin!
The orc closely misses you. The orc wizard closely misses you.
You block the ice beast's attack.
A ball python comes into view.
You barely miss the ice beast.
The ice beast is moderately wounded.
You closely miss the orc. You closely miss the orc wizard.
The ball python hisses angrily.
The ice beast completely misses you. You block the orc's attack.
The orc wizard hits you but does no damage.
The orc wizard casts a spell at you. The magic dart hits you.
* * * LOW HITPOINT WARNING * * *
The hobgoblin hits you but does no damage.
The orc hits you but does no damage. The ice beast closely misses you.
The hound pauses to sniff the ground.
You closely miss the ice beast.
The ice beast is moderately wounded.
You closely miss the orc. You barely miss the hobgoblin.
You barely miss the orc wizard. The ice beast hits you.
* * * LOW HITPOINT WARNING * * *
The ice beast freezes you.
* * * LOW HITPOINT WARNING * * *
The hobgoblin hits you.
* * * LOW HITPOINT WARNING * * *
The orc completely misses you.
The orc wizard hits you but does no damage.
The hound bites you but does no damage.
You feel very mighty all of a sudden. The hound bites you but does no damage.
The ice beast barely misses you. The orc hits you with a +0 trident.
You die...

#.# #.# ########.#
#.##.....##.#
^.....h#o##.#####
......o@Y.......#
..##.gg##.#.###.
#S#.......#
{..{###.##..##### ##
..h,.###.##......#
.# ..,
......#.####.## .# .
.........###<.####.#
##.........##..##..#
.............#..#.##


You could see an ice beast, a howler monkey, a hound, an orc wizard (invisible),
an orc, 2 hobgoblins and a ball python.

Vanquished Creatures
  9 adders
  A worm (D:3)
  2 dart slugs (D:2)
  2 orcs
  5 ball pythons
  4 bats
  3 endoplasms
  4 giant cockroaches (D:2)
  A goblin (D:2)
  5 hobgoblins
  2 quokkas
  5 kobolds
  7 rats
50 creatures vanquished.

Notes
Turn   | Place    | Note
-------+----------+-------------------------------------------
     0 | D:1      | Descartes the Formicid Fighter began the quest for the Orb.
     0 | D:1      | Reached XP level 1. HP: 18/18 MP: 1/1
   486 | D:1      | Reached XP level 2. HP: 24/24 MP: 2/2
   661 | D:1      | Reached skill level 5 in Shields
  1097 | D:2      | Reached XP level 3. HP: 29/29 MP: 3/3
  1147 | D:2      | Found Duol Iph's Armour Boutique.
  1201 | D:2      | Reached skill level 6 in Shields
  1299 | D:2      | Reached XP level 4. HP: 35/35 MP: 4/4
  1788 | D:2      | Reached skill level 7 in Shields
  1958 | D:3      | Reached XP level 5. HP: 40/41 MP: 5/5
  2101 | D:3      | Found a runed translucent gate.
  2101 | D:3      | Found a runed translucent gate.
  2101 | D:3      | Found a runed translucent gate.
  2101 | D:3      | Noticed Heedrag's ghost (amateur GrEE)
  2500 | D:4      | Noticed an ice beast
  2516 | D:4      | HP: 2/41 [hobgoblin (4)]
  2517 | D:4      | Slain by an orc

Illustrated notes

Levels and vault maps discovered:
D:1:      minmay_arrival_four_circles, layout_basic, corner_web_ring
D:2:      layout_loops_corners, serial_shops, shop, kennysheep_doodads
D:3:      layout_basic, ebering_ghost_rock_garden
D:4:      layout_rooms, old_standard_altar, minmay_temple_entry_grid,
          gammafunk_ghost_nasty_kobolds, uniq_natasha

Skill      XL: |  1  2  3  4 |
---------------+-------------+-----
Shields        | 5 6 7 |  7.6
Fighting       | |  3.2
Axes           | |  2.0
Armour         | |  3.2

Action                     |  1- 3 |  4- 6 || total
---------------------------+-------+-------++-------
  Melee: War axe           |    47 |    87 ||   134
    Use: Potion            |       |     1 ||     1
 Armour: Scale mail        |    25 |    14 ||    39
         Chain mail        |       |    64 ||    64
  Dodge: Dodged            |    22 |    45 ||    67
  Block: Buckler           |    14 |    22 ||    36

Table legend: (Time is in decaauts)
 A = Elapsed time spent in this place.
 B = Non-inter-level travel time spent in this place.
 C = Inter-level travel time spent in this place.
 D = Time resting spent in this place.
 E = Time spent auto-exploring this place.
 F = Levels seen in this place.
 G = Mean time per level.
                   A        B        C        D        E       F      G
               +--------+--------+--------+--------+--------+-----+--------+
         Total |   2574 |   2492 |     82 |      0 |   2053 |   4 |  643.5 |
       Dungeon |   2574 |   2492 |     82 |      0 |   2053 |   4 |  643.5 |
               +--------+--------+--------+--------+--------+-----+--------+

Top non-repeatable levels by time:
     D:1: 1032 daAuts
     D:2: 880 daAuts
     D:3: 518 daAuts
     D:4: 142 daAuts
